 Dungeon Crawl Stone Soup version 0.29-a0-775-g4d7333d4e2 (webtiles) character file.

Game seed: 10812032784667461789

14 gobodom the Magician (level 2, 0/19 HPs)
             Began as a Demonspawn Hedge Wizard on July 1, 2022.
             Succumbed to an adder's poison
             ... on level 2 of the Dungeon.
             The game lasted 00:02:03 (854 turns).

gobodom the Magician (Demonspawn Hedge Wizard)       Turns: 854, Time: 00:02:03

Health: 0/19       AC:  2    Str: 10    XL:     2   Next: 27%
Magic:  0/6        EV: 12    Int: 15    God:
Gold:   70         SH:  0    Dex: 12    Spells: 6/7 levels left

rFire   . . .      SeeInvis .   a - +0 dagger
rCold   . . .      Faith    .   (no shield)
rNeg    . . .      Spirit   .   b - +0 robe
rPois   .          Reflect  .   c - +0 hat
rElec   .          Harm     .   (no cloak)
rCorr   .          Rampage  .   (no gloves)
Will    .....                   (no boots)
Stlth   ++........              (no amulet)
HPRegen 0.06/turn               (no ring)
MPRegen 0.10/turn               (no ring)

@: lethally poisoned (0 -> -2), very slightly contaminated
A: ignite blood 1
a: no special abilities


You were on level 2 of the Dungeon.
You visited 1 branch of the dungeon, and saw 2 of its levels.

You collected 70 gold pieces.

Inventory:

Hand Weapons
 a - a +0 dagger (weapon)
Armour
 b - a +0 robe (worn)
 c - a +0 hat (worn)
Jewellery
 k - a +6 ring of dexterity
Scrolls
 f - a scroll of noise {unknown}
 g - a scroll of teleportation {unknown}
 h - a scroll of identify {unknown}
 i - a scroll of fog {unknown}
Potions
 d - a potion of magic
 e - a potion of berserk rage {unknown}
 j - 2 potions of lignification {unknown}


   Skills:
 + Level 0.1 Fighting
 + Level 0.5 Short Blades
 + Level 1.7 Dodging
 + Level 1.7 Stealth
 + Level 3.4 Spellcasting
 + Level 1.2 Conjurations
 + Level 1.0 Summonings
 + Level 0.8 Translocations


You had 6 spell levels left.
You knew the following spells:

 Your Spells              Type           Power      Damage    Failure   Level
a - Magic Dart            Conj           24%        1d4       12%         1

Your spell library contained the following spells:

 Spells                   Type           Power      Damage    Failure   Level
 Slow                     Hex            8%         N/A       19%         1
 Call Imp                 Summ           5%         N/A       19%         2
 Blink                    Tloc           10%        N/A       21%         2
 Gell's Gravitas          Tloc           5%         N/A       38%         3
 Lesser Beckoning         Tloc           5%         N/A       38%         3
 Teleport Other           Tloc           5%         N/A       38%         3
 Conjure Flame            Conj/Fire      4%         6-21      41%         3
 Mephitic Cloud           Conj/Pois/Air  3%         N/A       43%         3


Dungeon Overview and Level Annotations

Branches:
Dungeon (2/15)

Altars:


Innate Abilities, Weirdness & Mutations

Your demonic aura sometimes causes spilled blood to erupt in flames.


Message History

The adder bites you.
The magic dart hits the adder.
The adder is moderately wounded.
The dart slug launches a dart at you. The slug dart misses you.
The adder misses you.
You miscast Magic Dart.
Nothing appears to happen.
The adder closely misses you.
You miss the adder.
The adder is moderately wounded.
The adder misses you. The adder bites you.
You are poisoned.
The adder poisons you!
You barely miss the adder.
The adder is moderately wounded.
You feel sick. The dart slug bites you. The adder barely misses you.
You hit the adder.
The adder is severely wounded.
You feel sick. The adder bites you but does no damage.
The dart slug launches a dart at you. The slug dart misses you.
You barely miss the adder.
The adder is severely wounded.
You feel sick. The adder bites you.
* * * LOW HITPOINT WARNING * * *
The dart slug launches a dart at you. The slug dart hits you.
* * * LOW HITPOINT WARNING * * *
You barely miss the adder.
The adder is severely wounded.
The adder closely misses you. The adder bites you.
* * * LOW HITPOINT WARNING * * *
You are too injured to fight recklessly!
Casting: Magic Dart (safe; 12% risk of failure)
Confirm with . or Enter, or press ? or * to list all spells.
Aiming: Magic Dart (safe; 12% risk of failure)
Press: ? - help, Shift-Dir - straight line, f/p - adder
Aim: an adder (severely wounded, 100% to hit)
The magic dart hits the adder.
The adder is almost dead.
You die...

.
#...#####
......S@#
#...###w#
# #S# #.#
..# #.#
#.# #.#


You could see 2 adders and a dart slug.

Vanquished Creatures
  3 endoplasms (D:1)
  A giant cockroach (D:1)
  2 hobgoblins (D:1)
  3 kobolds (D:1)
  3 rats (D:1)
12 creatures vanquished.

Notes
Turn   | Place    | Note
-------+----------+-------------------------------------------
     0 | D:1      | gobodom the Demonspawn Hedge Wizard began the quest for the
                  | Orb.
     0 | D:1      | Reached XP level 1. HP: 13/13 MP: 4/4
   447 | D:1      | Gained mutation: Your demonic aura sometimes causes spilled
                  | blood to erupt in flames. [demonic ancestry]
   447 | D:1      | Reached XP level 2. HP: 19/19 MP: 3/6
   854 | D:2      | Succumbed to an adder's poison

Illustrated notes

Levels and vault maps discovered:
D:1:      minmay_arrival_split_and_join, layout_basic
D:2:      layout_loops_ring

Action                   || total
-------------------------++-------
Melee: Dagger            ||    14
 Cast: Magic Dart        ||    32
 Stab: Sleeping          ||     2
Armor: Robe              ||     2
Dodge: Dodged            ||    17

Table legend: (Time is in decaauts)
 A = Elapsed time spent in this place.
 B = Non-inter-level travel time spent in this place.
 C = Inter-level travel time spent in this place.
 D = Time resting spent in this place.
 E = Time spent auto-exploring this place.
 F = Levels seen in this place.
 G = Mean time per level.
                   A        B        C        D        E       F      G
               +--------+--------+--------+--------+--------+-----+--------+
         Total |    853 |    844 |      9 |      0 |    716 |   2 |  426.5 |
       Dungeon |    853 |    844 |      9 |      0 |    716 |   2 |  426.5 |
               +--------+--------+--------+--------+--------+-----+--------+

Top non-repeatable levels by time:
     D:1: 841 daAuts
     D:2: 11 daAuts
